General information
- name: BNet
- type: Ladder 1vs1/FFA
- host: Battle.net
- saver: ZombieMachoMan
map: TwistedMeadows
- players: 2
- length: 45:06
- speed: Fast
- version: 1.26 W3XP
- replay type: Public
» download(117 KB)
Players
team 1 (loser)
FTHorde (
green | 26 APM | 1172 actions | 44:29)
5 Blademaster
3 Wind Walk
2 Critical Strike
» actions
| Assign group hotkey | 18 | |
| Basic commands | 10 | |
| Build / train | 88 | |
| Enter build submenu | 28 | |
| Enter hero's abilities submenu | 5 | |
| Give item / drop item | 2 | |
| Remove unit from queue | 12 | |
| Right click | 614 | |
| Select / deselect | 307 | |
| Select group hotkey | 24 | |
| Use ability | 63 | |
1172 total
» units
| Peon | 7 | |
| Troll Headhunter/Berserker | 15 | |
| Wind Rider | 28 | |
| Raider | 13 | |
| Troll Witch Doctor | 1 | |
64 total
» upgrades
| Ranged Weapons | 1 | |
| Armor | 1 | |
| Witch Doctor Training | 1 | |
| Spiked Barricades | 1 | |
4 total
» buildings
| Altar of Storms | 1 | |
| Barracks | 1 | |
| Orc Burrow | 8 | |
| War Mill | 1 | |
| Stronghold | 1 | |
| Beastiary | 1 | |
| Watch Tower | 6 | |
| Spirit Lodge | 1 | |
| Great Hall | 1 | |
21 total
» build order
00:05 Altar of Storms
00:12 Barracks
00:45 Orc Burrow
01:11 War Mill
03:50 Stronghold
06:26 Orc Burrow
07:51 Beastiary
07:54 Watch Tower
09:07 Orc Burrow
10:17 Watch Tower
11:54 Watch Tower
13:11 Watch Tower
13:15 Orc Burrow
14:04 Orc Burrow
15:04 Watch Tower
15:20 Spirit Lodge
19:52 Great Hall
21:53 Orc Burrow
22:22 Orc Burrow
22:26 Watch Tower
28:00 Orc Burrow
» items
team 2 (winner)
ZombieMachoMan (
pink | 56 APM | 2515 actions | 45:06)
6 Archmage
2 Blizzard
3 Brilliance Aura
1 Mass Teleport
5 Blood Mage
3 Flame Strike
2 Banish
5 Goblin Alchemist
2 Acid Bomb
3 Chemical Rage
» actions
| Assign group hotkey | 52 | |
| Basic commands | 84 | |
| Build / train | 142 | |
| Enter build submenu | 59 | |
| Enter hero's abilities submenu | 16 | |
| Give item / drop item | 13 | |
| Right click | 925 | |
| Select / deselect | 603 | |
| Select group hotkey | 264 | |
| Use ability | 357 | |
2515 total
» units
| Peasant | 22 | |
| Goblin Shredder | 2 | |
| Sorceress | 5 | |
| Goblin Zeppelin | 2 | |
| Goblin Sapper | 4 | |
| Dragonhawk Rider | 5 | |
40 total
» upgrades
| Masonry | 3 | |
| Magic Sentry | 1 | |
| Sorceress Training | 2 | |
| Swords | 2 | |
| Armor | 2 | |
| Cloud | 1 | |
| Storm Hammers | 1 | |
| Animal War Training | 1 | |
| Priest Training | 1 | |
| Gunpowder | 1 | |
| Plating | 1 | |
16 total
» buildings
| Altar of Kings | 1 | |
| Farm | 5 | |
| Arcane Vault | 2 | |
| Scout Tower | 64 | |
| Lumber Mill | 2 | |
| Arcane Tower | 9 | |
| Town Hall | 6 | |
| Keep | 1 | |
| Guard Tower | 19 | |
| Castle | 1 | |
| Arcane Sanctum | 1 | |
| Barracks | 2 | |
| Blacksmith | 2 | |
| Gryphon Aviary | 5 | |
120 total
» build order
00:06 Altar of Kings
00:32 Farm
00:33 Farm
00:49 Arcane Vault
01:19 Scout Tower
01:42 Lumber Mill
02:15 Farm
02:32 Arcane Tower
02:32 Arcane Tower
03:00 Scout Tower
03:01 Scout Tower
04:02 Town Hall
04:09 Scout Tower
04:37 Arcane Tower
05:36 Scout Tower
05:38 Scout Tower
05:38 Scout Tower
05:39 Scout Tower
05:46 Keep
05:47 Guard Tower
05:52 Scout Tower
05:54 Scout Tower
05:55 Scout Tower
05:56 Scout Tower
05:56 Scout Tower
07:04 Farm
07:07 Guard Tower
07:21 Guard Tower
08:26 Scout Tower
08:29 Scout Tower
08:34 Scout Tower
08:34 Scout Tower
08:35 Scout Tower
08:36 Scout Tower
08:42 Castle
08:49 Arcane Sanctum
09:06 Arcane Tower
09:07 Guard Tower
09:25 Guard Tower
09:26 Guard Tower
09:33 Arcane Tower
09:37 Scout Tower
09:53 Town Hall
09:55 Scout Tower
10:59 Guard Tower
11:50 Barracks
13:27 Blacksmith
13:30 Blacksmith
16:48 Guard Tower
16:49 Scout Tower
16:51 Scout Tower
16:52 Scout Tower
17:32 Scout Tower
17:33 Scout Tower
17:35 Scout Tower
17:36 Scout Tower
17:37 Scout Tower
17:37 Scout Tower
18:02 Arcane Tower
18:05 Scout Tower
18:06 Scout Tower
18:07 Scout Tower
19:27 Guard Tower
19:28 Guard Tower
19:31 Guard Tower
19:38 Town Hall
19:52 Arcane Vault
20:25 Guard Tower
22:52 Town Hall
23:02 Scout Tower
23:03 Scout Tower
23:04 Scout Tower
23:05 Scout Tower
23:06 Scout Tower
23:06 Scout Tower
23:07 Scout Tower
23:08 Scout Tower
23:45 Arcane Tower
23:46 Guard Tower
24:49 Guard Tower
25:09 Gryphon Aviary
25:11 Gryphon Aviary
25:13 Gryphon Aviary
25:14 Gryphon Aviary
25:19 Gryphon Aviary
27:41 Farm
28:48 Town Hall
28:54 Scout Tower
28:55 Scout Tower
28:55 Scout Tower
28:56 Scout Tower
28:57 Scout Tower
28:58 Scout Tower
28:59 Scout Tower
29:02 Scout Tower
29:31 Arcane Tower
29:32 Guard Tower
29:53 Guard Tower
29:55 Guard Tower
34:14 Barracks
38:47 Scout Tower
38:51 Lumber Mill
38:57 Town Hall
39:02 Scout Tower
39:08 Scout Tower
39:29 Scout Tower
39:32 Scout Tower
39:33 Arcane Tower
39:57 Guard Tower
41:44 Guard Tower
43:13 Scout Tower
43:14 Scout Tower
43:15 Scout Tower
43:18 Scout Tower
43:22 Scout Tower
43:22 Scout Tower
43:24 Scout Tower
43:26 Scout Tower
43:28 Scout Tower
43:29 Scout Tower
» items
| Mechanical Critter | 4 | |
| Lesser Clarity Potion | 4 | |
| Scroll of Regeneration | 8 | |
| Potion of Healing | 3 | |
| Scroll of Town Portal | 4 | |
| Potion of Mana | 1 | |
| Dust of Appearance | 1 | |
| Boots of Speed | 3 | |
| Periapt of Vitality | 3 | |
| Staff of Teleportation | 3 | |
| Scroll of Healing | 1 | |
| Potion of Lesser Invulnerability | 1 | |
| Staff of Sanctuary | 1 | |
37 total
Chat log
(23:28 / All) ZombieMachoMan: thats a hilarious amount of wyverns
(25:39 / All) ZombieMachoMan: you sure you want to be in upkeep?
(25:55 / All) ZombieMachoMan: not much gold left..
(29:43 / All) ZombieMachoMan: what a waste of food
(31:14 / All) ZombieMachoMan: hey look wyverns
(31:26 / All) ZombieMachoMan: did you need those?
(31:38 / All) FTHorde: dude shut the fuck up, youre trash talking someone who doesnt give a fuck. you feel big now? grats bro
(31:40 / All) ZombieMachoMan: lol
(31:43 / All) ZombieMachoMan: someone's mad
(31:50 / All) ZombieMachoMan: and claiming not caring to save face
(32:14 / All) FTHorde: since ive been talking the past half an hour, im so mad.. lol
(32:21 / All) ZombieMachoMan: nah youre silent in your shame
(32:26 / All) ZombieMachoMan: i would be too in your place
(32:31 / All) FTHorde: ohh thanks bro
(32:36 / All) ZombieMachoMan: btw, if you want to convince someone you dont care, dont stay in the game
(32:41 / All) ZombieMachoMan: just a tip for ya
(33:18 / All) FTHorde: lol
(33:26 / All) ZombieMachoMan: i left ya a few gold mines
(33:29 / All) ZombieMachoMan: why not take one of em?
(33:44 / All) ZombieMachoMan: i thought it was pretty generous of me
(34:03 / All) FTHorde: lol
(34:27 / All) FTHorde: oh boy, you want to say something, dont you
(34:32 / All) FTHorde: aww
(34:33 / All) ZombieMachoMan: such as?
(34:40 / All) ZombieMachoMan: i just offered a gold mine to you...
(34:44 / All) ZombieMachoMan: no need to show your anger
(34:49 / All) FTHorde: sorry :(
(34:55 / All) FTHorde: what was that?
(35:00 / All) FTHorde: i cant hear you...
(35:01 / All) ZombieMachoMan: F12
(35:17 / All) ZombieMachoMan: i know youre reading it :)
(35:53 / All) FTHorde: im confused.
(36:01 / All) ZombieMachoMan: hi
(36:07 / All) FTHorde: thats a hillarious amount of dragonriders
(36:11 / All) ZombieMachoMan: thanks
(36:15 / All) FTHorde: you sure you want to waste that upkeep?
(36:22 / All) ZombieMachoMan: i can actually afford it
(36:23 / All) FTHorde: hahaha
(36:36 / All) FTHorde: you're gonna win, and i dont mind. theres no smack required moron.
(36:42 / All) ZombieMachoMan: yet you stay in the game
(36:45 / All) ZombieMachoMan: why is that
(36:54 / All) ZombieMachoMan: because you dont care right?
(36:55 / All) FTHorde: but i guess its pretty cute
(37:49 / All) FTHorde: hello?
(37:53 / All) ZombieMachoMan: me no english
(38:06 / All) FTHorde: someone must be mad. right?
(38:07 / All) ZombieMachoMan: ¿como se dice leave noob?
(38:38 / All) FTHorde: hey
(38:43 / All) ZombieMachoMan: hey yourself cutie ;)
(39:25 / All) ZombieMachoMan: whats that doc for?
(41:39 / All) ZombieMachoMan: zomg teh carnage
(41:43 / All) FTHorde: come on son.
(41:50 / All) FTHorde: you have all the gold mines
(41:52 / All) ZombieMachoMan: lol
(41:53 / All) FTHorde: just come on in
(41:57 / All) ZombieMachoMan: i just did?
(42:03 / All) FTHorde: no need to consantly teleport with your four heroes
(42:08 / All) ZombieMachoMan: 1...
(42:10 / All) ZombieMachoMan: 2...
(42:11 / All) ZombieMachoMan: 3...
(42:14 / All) ZombieMachoMan: 3 heroes
(42:17 / All) ZombieMachoMan: Ah, ha ha ha.
(42:27 / All) ZombieMachoMan: This episode has been brought to you by the letter 3
(42:36 / All) ZombieMachoMan: "but 3 isnt a letter"
(43:24 / All) FTHorde: hahahahaha
(43:27 / All) FTHorde: lol my bad rofl
(44:21 / All) ZombieMachoMan: youre actually holding position just to feed me?
(44:25 / All) ZombieMachoMan: i love u
(44:25 / All) FTHorde: thanks for the good time ;)
(45:01 / All) ZombieMachoMan: LAWL
(45:05 / All) ZombieMachoMan: RAGED